 Dungeon Crawl Stone Soup version 0.20.1-1-g8b1a95d (webtiles) character file.

40628 Irenicus the Impaler (level 14, -7/150 HPs)
             Began as a Merfolk Skald on Oct 14, 2017.
             Was a High Priest of Qazlal.
             Killed from afar by Azrael (30 damage)
             ... with damnation
             ... on level 12 of the Dungeon.
             The game lasted 01:47:34 (15455 turns).

Irenicus the Impaler (Merfolk Skald)               Turns: 15455, Time: 01:47:35

Health: -7/150     AC: 34    Str: 14    XL:     14   Next: 11%
Magic:  21/30      EV:  2    Int: 13    God:    Qazlal [*****.]
Gold:   707        SH:  6    Dex: 17    Spells: 13/31 levels left

rFire    + + .     SeeInvis .   G - +0 trident (protect)
rCold    . . .     Gourm    .   (no shield)
rNeg     + + +     Faith    .   (armour currently unavailable)
rPois    +         Spirit   .   (helmet currently unavailable)
rElec    .         Reflect  .   (cloak currently unavailable)
rCorr    .         Harm     .   (gloves currently unavailable)
MR       ++...     NoTele   +   (boots currently unavailable)
Stlth    +.........             w - amulet of magic regeneration
Regen    0.4/turn               m - ring of protection from fire
MPRegen  0.4/turn               p - +4 ring of slaying

@: tree-form, protected from fire, protection aura, very slightly contaminated,
invisible, repel missiles
A: (change form in water), (swift swim), (stealthy swim), repulsion field 1,
high mp 1, magic resistance 1, strong 1
a: Upheaval, Elemental Force, Disaster Area, Renounce Religion


You were on level 12 of the Dungeon.
You worshipped Qazlal.
Qazlal was extremely pleased with you.
You were near starving.
You were a tree.
You visited 2 branches of the dungeon, and saw 16 of its levels.

You collected 707 gold pieces.

Inventory:

Hand Weapons
 G - a +0 trident of protection (weapon)
 R - a +2 halberd of venom
 S - a +3 halberd of freezing
Armour
 b - a +0 troll leather armour (melded)
 l - a scarf of spirit shield (melded)
 u - a +2 pair of gloves (melded)
 C - a +2 pair of boots (melded)
 F - a +1 robe of cold resistance
 H - a +0 shield
Jewellery
 m - a ring of protection from fire (left branch)
 p - a +4 ring of slaying (right branch)
 q - an uncursed ring of poison resistance
 w - an amulet of magic regeneration (around neck)
 B - an uncursed ring of resist corrosion
Wands
 i - a wand of flame (34/48)
 x - a wand of confusion (16/48)
 A - a wand of lightning (7/15)
 K - a wand of acid (5/15)
 O - a wand of flame (26/48)
 Q - a wand of random effects (23/48)
 W - a wand of lightning (5/15)
 X - a wand of confusion (12/48)
Scrolls
 k - 13 scrolls of remove curse
 n - 2 scrolls of magic mapping {unknown}
 o - 11 scrolls of identify
 r - 2 scrolls of fog
 t - a scroll of noise {unknown}
 v - 7 scrolls of enchant armour {unknown}
 y - 3 scrolls of blinking
 z - 4 scrolls of enchant weapon {unknown}
 J - 3 scrolls of recharging {unknown}
 L - a scroll of vulnerability {unknown}
 N - a scroll of summoning {unknown}
 P - 4 scrolls of amnesia {unknown}
 V - 2 scrolls of fear
 Y - 2 scrolls of brand weapon
Potions
 j - a potion of brilliance
 s - 3 potions of flight
 T - a potion of curing
Books
 a - a book of Misfortune

   Spells                             Type                      Level
   a - Confusing Touch                Hexes                        1
   b - Confuse                        Hexes                        3
   c - Gell's Gravitas                Translocation                3
   d - Petrify                        Transmutation/Earth          4
   e - Metabolic Englaciation         Hexes/Ice                    5
   f - Yara's Violent Unravelling     Hexes/Transmutation          5
 c - a book of Battle

   Spells                             Type                      Level
   a - Infusion                       Charms                       1
   b - Shroud of Golubria             Charms/Translocation         2
   c - Song of Slaying                Charms                       2
   d - Spectral Weapon                Hexes/Charms                 3
   e - Regeneration                   Charms/Necromancy            3
 h - a book of Dreams

   Spells                             Type                      Level
   a - Ensorcelled Hibernation        Hexes/Ice                    2
   b - Silence                        Hexes/Air                    5
   c - Darkness                       Hexes                        6
   d - Shadow Creatures               Summoning                    6
 D - a book of Callings

   Spells                             Type                      Level
   a - Summon Small Mammal            Summoning                    1
   b - Call Imp                       Summoning                    2
   c - Call Canine Familiar           Summoning                    3
   d - Summon Guardian Golem          Hexes/Summoning              3
   e - Summon Lightning Spire         Summoning/Air                4
   f - Summon Ice Beast               Ice/Summoning                4
Miscellaneous
 Z - a phial of floods (inert)
Comestibles
 d - 10 bread rations
 f - 11 royal jellies
 g - 7 meat rations
 M - 17 fruits


   Skills:
 - Level 6.2 Fighting
 - Level 17.4 Polearms
 - Level 1.0 Armour
 - Level 12.3 Dodging
 - Level 9.3 Spellcasting
 - Level 5.1 Hexes
 - Level 6.0 Charms
 - Level 8.3 Summonings
 - Level 4.1 Necromancy
 - Level 2.0 Air Magic
 + Level 7.4 Invocations
 - Level 2.3 Evocations


You had 13 spell levels left.
You knew the following spells:

 Your Spells              Type           Power        Failure   Level  Hunger
a - Infusion              Chrm           ###.         1%          1    None
b - Shroud of Golubria    Chrm/Tloc      ##........   5%          2    None
c - Spectral Weapon       Hex/Chrm       ###.....     3%          3    ##.....
d - Summon Guardian Gole  Hex/Summ       ###.....     2%          3    ##.....
e - Song of Slaying       Chrm           ###.....     1%          2    None
r - Regeneration          Chrm/Necr      ###.......   4%          3    ##.....
t - Summon Lightning Spi  Summ/Air       ###.....     14%         4    ####...


Dungeon Overview and Level Annotations

Branches:
Dungeon (15/15)            Temple (1/1) D:7            Lair (0/6) D:11
    Orc (0/2) D:12         Vaults (0/5) D:13         Depths (0/5) D:15

Altars:
Ashenzari
Cheibriados
Dithmenos
Fedhas
Gozag
Hepliaklqana
Kikubaaqudgha
Makhleb
Nemelex Xobeh
Okawaru
Qazlal
Ru
Sif Muna
Trog
Uskayaw
Vehumet
Xom
Yredelemnul
Zin
The Shining One

Shops:
D:6 :   D:15 (

Annotations:
D:3 1 transporter
D:6 Eustachio
D:12 exclusion: door, Azrael, Sonja


Innate Abilities, Weirdness & Mutations

((You revert to your normal form in water.))
((You are very nimble and swift while swimming.))
((You are very stealthy in the water. (Stealth+)))
You are surrounded by a mild repulsion field. (EV +2)
((You are partially covered in molten scales. (AC +2)))
((You are partially covered in yellow scales. (AC +2)))
You have an increased reservoir of magic. (+10% MP)
You are resistant to hostile enchantments. (MR+)
((Your system is resistant to poisons. (rPois)))
Your muscles are strong. (Str +2)


Message History

Press: ? - help, Dir - move target cursor, f/p - Azrael
Aim: Azrael, wielding a scimitar of flaming (steam, moderately wounded)
You hit Azrael but do no damage.
Azrael is moderately wounded.
Your spectral weapon hits Azrael from afar.
Attack whom?
Press: ? - help, Dir - move target cursor, f/p - Azrael
Aim: Azrael, wielding a scimitar of flaming (steam, moderately wounded)
You puncture Azrael!
Azrael is moderately wounded.
Your spectral weapon hits Azrael but does no damage.
Azrael hits you but does no damage.
Attack whom?
Press: ? - help, Dir - move target cursor, f/p - Azrael
Aim: Azrael, wielding a scimitar of flaming (steam, moderately wounded)
Okay, then.
You fade into invisibility!
Azrael gestures at you.
The sphere of damnation explodes!
The damnation engulfs you!
You die...

#)# #.## ########.#### #<.#
'.......†...## #####)###
########.##..###...)[[..
#(###...'........ ##K#
#####........ #).# #........ #(##
#........ #♣# #........ #R#
#........ ###E# ##..##### #.§E#
##.##### #§### #....... ##+####
####'####### #.<(.... ......#
#..........### #.......
.)....#####.....§.h..'.###.......
......##..'..........#.<.'.......


You could see Azrael, 2 fire elementals, Sonja and a friendly spectral trident
of protection.

Vanquished Creatures
  Rupert (D:12)
  Erolcha (D:12)
  A hydra (D:12)
  A catoblepas (D:14)
  2 centaur warriors
  8 two-headed ogres
  An ogre mage (D:13)
  4 tengu warriors
  3 skeletal warriors (D:15)
  A glowing orange brain (D:15)
  An unseen horror (D:15)
  A glowing orange brain (shapeshifter) (D:15)
  A wizard (D:13)
  An orc knight (D:15)
  2 deep elf magi
  A faun (shapeshifter) (D:15)
  9 ugly things
  A cyclops (D:14)
  2 gargoyles
  Joseph (D:9)
  A komodo dragon (D:11)
  A centaur skeleton (D:15)
  A rime drake (shapeshifter) (D:15)
  3 tengu conjurers (D:14)
  A troll (D:12)
  A hornet (shapeshifter) (D:15)
  4 slime creatures (D:15)
  5 hippogriffs
  3 wraiths
  A wyvern (D:12)
  15 yaks
  2 fire elementals (D:12)
  A hog (shapeshifter) (D:15)
  A human (shapeshifter) (D:15)
  A warg (D:15)
  4 hungry ghosts
  An acid dragon (D:11)
  4 hell hounds
  A water moccasin (D:13)
  A floating eye (shapeshifter) (D:15)
  A hornet zombie (D:15)
  7 sky beasts
  4 ice beasts
  An eye of draining (D:8)
  A black bear (shapeshifter) (D:15)
  7 orc warriors
  A phantom (D:9)
  A necrophage (D:12)
  6 ogres
  5 boggarts (D:14)
  10 centaurs
  3 big kobolds
  A crocodile (D:14)
  9 bullfrogs
  Blork the orc (D:4)
  3 scorpions
  16 killer bees
  21 wights
  3 crimson imps
  5 hounds
  A bullfrog zombie (D:5)
  7 jellies
  Crazy Yiuf (D:5)
  3 bullfrog skeletons
  8 orc priests
  2 centaur zombies
  7 orc wizards
  Ijyb (D:4)
  3 iguanas
  10 worker ants
  A howler monkey zombie (D:7)
  2 worker ant zombies
  11 adders
  7 gnolls
  A howler monkey skeleton (D:11)
  3 shadow imps
  2 oozes
  2 adder zombies (D:9)
  An adder skeleton (D:5)
  3 worms
  3 leopard geckos (D:6)
  43 orcs
  5 giant cockroaches
  5 hobgoblins
  4 jackals (D:2)
  5 quokkas
  3 ball pythons
  7 bats
  3 frilled lizards
  14 goblins
  21 kobolds
  3 rats
  17 spectral weapons
410 creatures vanquished.

Vanquished Creatures (collateral kills)
  2 centaur warriors
  2 two-headed ogres (D:15)
  An unseen horror (D:14)
  3 ugly things
  A tengu conjurer (D:14)
  2 orcs (D:6)
  A kobold (D:13)
12 creatures vanquished.

Vanquished Creatures (others)
  An ogre mage (D:15)
  An unseen horror (D:15)
  An ugly thing (D:14)
  A manticore (D:14)
  A slime creature (D:15)
  A killer bee (D:7)
  A centaur zombie (D:12)
  A worker ant (D:14)
  2 orcs (D:12)
  A bush (D:9)
  4 plants (D:11)
  40 spectral weapons
55 creatures vanquished.

Grand Total: 477 creatures vanquished

Notes
Turn   | Place    | Note
-------+----------+-------------------------------------------
     0 | D:1      | Irenicus the Merfolk Skald began the quest for the Orb.
     0 | D:1      | Reached XP level 1. HP: 16/16 MP: 3/3
   192 | D:1      | Reached XP level 2. HP: 22/22 MP: 0/5
   288 | D:1      | Reached skill level 4 in Polearms
   484 | D:1      | Reached skill level 1 in Armour
   516 | D:1      | Reached XP level 3. HP: 20/27 MP: 3/6
   616 | D:2      | Found a faded altar of an unknown god.
   716 | D:2      | Reached skill level 5 in Polearms
   933 | D:2      | Reached XP level 4. HP: 25/33 MP: 3/7
  1166 | D:2      | Reached skill level 6 in Polearms
  1527 | D:3      | Found a sparkling altar of Nemelex Xobeh.
  1527 | D:3      | Found a transporter.
  1527 | D:3      | Noticed a troll
  1528 | D:3      | Noticed a hungry ghost
  1604 | D:3      | You fall through a shaft for 3 floors!
  1607 | D:6      | Noticed Eustachio
  1607 | D:6      | Noticed a bullfrog
  1621 | D:6      | Killed a bullfrog
  1621 | D:6      | Reached skill level 7 in Polearms
  1621 | D:6      | Reached XP level 5. HP: 25/38 MP: 6/8
  2015 | D:6      | Found a shimmering altar of Xom.
  2050 | D:6      | Reached skill level 8 in Polearms
  2091 | D:6      | Learned a level 2 spell: Shroud of Golubria
  2158 | D:6      | Found Afaeduocsoa's Book Boutique.
  2177 | D:6      | Reached XP level 6. HP: 21/44 MP: 6/9
  2201 | D:6      | Noticed a sky beast
  2229 | D:6      | Killed a sky beast
  2229 | D:6      | Reached skill level 9 in Polearms
  2781 | D:6      | Reached skill level 10 in Polearms
  2781 | D:6      | Reached XP level 7. HP: 43/50 MP: 4/10
  3357 | D:5      | Entered Level 5 of the Dungeon
  3441 | D:4      | Noticed Blork the orc
  3443 | D:4      | Noticed Ijyb
  3471 | D:4      | Killed Blork the orc
  3790 | D:4      | Killed Ijyb
  4196 | D:3      | Reached skill level 11 in Polearms
  4621 | D:5      | Got an ebony hand axe
  4623 | D:5      | Identified the +3 hand axe of Victory {chop, -Tele rC- MP+9 Str+6} (You found it on level 5 of the Dungeon)
  4738 | D:5      | Reached skill level 12 in Polearms
  4798 | D:5      | Reached XP level 8. HP: 51/56 MP: 1/11
  4801 | D:5      | Gained mutation: You possess an exceptional clarity of mind. [mutagenic meat]
  4802 | D:5      | Gained mutation: Your muscles are strong. (Str +2) [mutagenic meat]
  4803 | D:5      | Gained mutation: You have a pair of small horns on your head. [mutagenic meat]
  4885 | D:5      | Found a sparkling altar of Nemelex Xobeh.
  4993 | D:5      | Found a runed door.
  4999 | D:5      | Noticed Crazy Yiuf
  5010 | D:5      | Paralysed by Crazy Yiuf for 6 turns
  5038 | D:5      | Killed Crazy Yiuf
  5299 | D:5      | Found an iron altar of Okawaru.
  5321 | D:5      | Found a burning altar of Makhleb.
  5322 | D:5      | Found an opulent altar of Gozag.
  5322 | D:5      | Found a deep blue altar of Sif Muna.
  5326 | D:5      | Found a hide-covered altar of Uskayaw.
  5353 | D:5      | Found a snail-covered altar of Cheibriados.
  5353 | D:5      | Found a basalt altar of Yredelemnul.
  6213 | D:7      | Reached skill level 5 in Fighting
  6405 | D:7      | Reached skill level 5 in Charms
  6735 | D:7      | Learned a level 3 spell: Spectral Weapon
  6745 | D:7      | Found a staircase to the Ecumenical Temple.
  6759 | Temple   | Entered the Ecumenical Temple
  6804 | Temple   | Became a worshipper of Qazlal Stormbringer
  6949 | D:7      | Reached skill level 1 in Hexes
  6951 | D:7      | Noticed a hippogriff
  6961 | D:7      | Killed a hippogriff
  6961 | D:7      | Reached XP level 9. HP: 56/68 MP: 0/12
  7211 | D:7      | Found a shattered altar of Ashenzari.
  7211 | D:7      | Found a sparkling altar of Nemelex Xobeh.
  7843 | D:8      | Reached skill level 13 in Polearms
  7937 | D:8      | Reached skill level 5 in Hexes
  7982 | D:8      | Reached skill level 14 in Polearms
  7988 | D:8      | Reached XP level 10. HP: 41/74 MP: 6/13
  7996 | D:8      | Reached skill level 15 in Polearms
  8072 | D:8      | Noticed a two-headed ogre
  8461 | D:9      | Reached skill level 5 in Dodging
  8471 | D:9      | Found a sparkling altar of Nemelex Xobeh.
  8471 | D:9      | Noticed Joseph
  8492 | D:9      | Killed Joseph
  8580 | D:9      | Reached * piety under Qazlal
  8727 | D:9      | Gained mutation: You are robust. (+10% HP) [mutagenic meat]
  8728 | D:9      | Gained mutation: You are partially covered in yellow scales. (AC +2) [mutagenic meat]
  8729 | D:9      | Gained mutation: Your spells are a little harder to cast, but a little more powerful. [mutagenic meat]
  8730 | D:9      | Lost mutation: You have a pair of small horns on your head. [mutagenic meat]
  8731 | D:9      | Gained mutation: You are clumsy. (Dex -2) [mutagenic meat]
  8732 | D:9      | Gained mutation: You expend magic power (3 MP) to strengthen your wands. [mutagenic meat]
  9126 | D:10     | Entered Level 10 of the Dungeon
  9245 | D:10     | Reached ** piety under Qazlal
  9249 | D:10     | Reached skill level 16 in Polearms
  9367 | D:10     | Noticed a gargoyle
  9379 | D:10     | Killed a gargoyle
  9379 | D:10     | Reached XP level 11. HP: 51/86 MP: 4/14
  9432 | D:10     | Reached skill level 17 in Polearms
  9785 | D:11     | Gained mutation: You are partially covered in molten scales. (AC +2) [mutagenic meat]
  9787 | D:11     | Gained mutation: You are surrounded by a mild repulsion field. (EV +2) [mutagenic meat]
  9789 | D:11     | Gained mutation: Your mind is acute. (Int +2) [mutagenic meat]
  9885 | D:11     | Found a staircase to the Lair.
  9924 | D:11     | Reached *** piety under Qazlal
 10026 | D:11     | Learned a level 2 spell: Song of Slaying
 10498 | D:12     | Noticed Azrael
 10620 | D:12     | Reached skill level 10 in Dodging
 11050 | D:12     | Noticed Erolcha
 11065 | D:12     | Killed Erolcha
 11145 | D:12     | Noticed a red ugly thing
 11167 | D:12     | Killed a red ugly thing
 11167 | D:12     | Reached skill level 5 in Spellcasting
 11170 | D:12     | Lost mutation: Your mind is acute. (Int +2) [mutagenic meat]
 11171 | D:12     | Lost mutation: You are clumsy. (Dex -2) [mutagenic meat]
 11172 | D:12     | Gained mutation: Your body sometimes deteriorates upon taking damage. [mutagenic meat]
 11200 | D:12     | Noticed Sonja
 11271 | D:12     | Reached **** piety under Qazlal
 11460 | D:13     | Learned a level 3 spell: Summon Guardian Golem
 11468 | D:13     | Noticed Rupert
 11470 | D:13     | Noticed a two-headed ogre
 11489 | D:13     | Noticed an ogre mage
 11491 | D:13     | Noticed a two-headed ogre
 11491 | D:13     | Found a gate to the Vaults.
 11514 | D:13     | Reached skill level 1 in Summonings
 11630 | D:13     | Killed a two-headed ogre
 11630 | D:13     | Reached XP level 12. HP: 96/96 MP: 5/21
 11643 | D:13     | Killed an ogre mage
 11725 | D:13     | Killed a two-headed ogre
 11725 | D:13     | Reached skill level 5 in Summonings
 11820 | D:13     | Noticed a tengu warrior
 11841 | D:13     | Killed a tengu warrior
 11848 | D:13     | Noticed a two-headed ogre
 11861 | D:13     | Killed a two-headed ogre
 11868 | D:13     | Learned a level 4 spell: Summon Lightning Spire
 12053 | D:13     | Noticed a centaur warrior
 12065 | D:13     | Killed a centaur warrior
 12381 | D:13     | Learned a level 3 spell: Regeneration
 12553 | D:14     | Noticed a two-headed ogre
 12602 | D:13     | Noticed a two-headed ogre
 12614 | D:13     | Killed a two-headed ogre
 12641 | D:14     | Noticed a two-headed ogre
 12655 | D:14     | Killed a two-headed ogre
 12655 | D:14     | Reached skill level 1 in Necromancy
 12769 | D:14     | Noticed a catoblepas
 12889 | D:14     | Killed a two-headed ogre
 12904 | D:14     | Noticed a tengu warrior
 12976 | D:13     | Killed a tengu warrior
 13043 | D:14     | Reached skill level 1 in Air Magic
 13057 | D:14     | Lost mutation: Your body sometimes deteriorates upon taking damage. [mutagenic meat]
 13183 | D:14     | Gained mutation: You do not regenerate when monsters are visible. [mutagenic meat]
 13188 | D:14     | Lost mutation: Your spells are a little harder to cast, but a little more powerful. [mutagenic meat]
 13190 | D:14     | Lost mutation: You expend magic power (3 MP) to strengthen your wands. [mutagenic meat]
 13353 | D:14     | Reached XP level 13. HP: 102/102 MP: 22/22
 13550 | D:15     | Entered Level 15 of the Dungeon
 14311 | D:15     | Reached ***** piety under Qazlal
 14403 | D:15     | Lost mutation: You are robust. (+10% HP) [mutagenic meat]
 14406 | D:15     | Gained mutation: Your body sometimes deteriorates upon taking damage. [mutagenic meat]
 14407 | D:15     | Gained mutation: Your system is resistant to poisons. (rPois) [mutagenic meat]
 14408 | D:15     | Gained mutation: You are resistant to hostile enchantments. (MR+) [mutagenic meat]
 14409 | D:15     | Lost mutation: Your body sometimes deteriorates upon taking damage. [mutagenic meat]
 14429 | D:15     | Lost mutation: You possess an exceptional clarity of mind. [mutagenic meat]
 14430 | D:15     | Gained mutation: You are frail. (-10% HP) [mutagenic meat]
 14479 | D:15     | Gained mutation: You have an increased reservoir of magic. (+10% MP) [mutagenic meat]
 14565 | D:15     | Reached skill level 1 in Invocations
 14579 | D:15     | Noticed a spark wasp
 14583 | D:15     | a spark wasp changed into a wolf spider
 14646 | D:15     | Lost mutation: You are frail. (-10% HP) [mutagenic meat]
 14659 | D:15     | Gained mutation: Your muscles are very strong. (Str +4) [mutagenic meat]
 14660 | D:15     | Lost mutation: Your muscles are very strong. (Str +4) [mutagenic meat]
 14661 | D:15     | Lost mutation: You do not regenerate when monsters are visible. [mutagenic meat]
 14781 | D:15     | Found Mese's Antique Weapon Shoppe.
 15028 | D:15     | Reached skill level 5 in Invocations
 15109 | D:15     | Found a staircase to the Depths.
 15285 | D:14     | Reached XP level 14. HP: 99/100 MP: 24/30
 15393 | D:12     | Found a staircase to the Orcish Mines.
 15434 | D:12     | Killed Rupert
 15455 | D:12     | Killed from afar by Azrael

Skill      XL: |  1  2  3  4  5  6  7  8  9 10 11 12 13 14 |
---------------+-------------------------------------------+-----
Polearms       | 4 5 7 8 10 12 14 16 17 | 17.4
Dodging        | 3 8 10 12 | 12.3
Armour         | 1 |  1.0
Evocations     | 2 |  2.3
Fighting       | 5 6 |  6.2
Charms         | 6 |  6.0
Hexes          | 3 5 |  5.1
Spellcasting   | 6 9 |  9.3
Summonings     | 3 8 |  8.3
Necromancy     | 4 |  4.1
Air Magic      | 1 2 |  2.0
Invocations    | 5 7 |  7.4

Action                   |  1- 3 |  4- 6 |  7- 9 | 10-12 | 13-15 || total
-------------------------+-------+-------+-------+-------+-------++-------
Melee: Spear             |   137 |   181 |   573 |       |       ||   891
       Unarmed           |       |    12 |    12 |       |       ||    24
       Headbutt          |       |       |    55 |    12 |       ||    67
       Trident           |       |       |    68 |   514 |   373 ||   955
       Halberd           |       |       |       |   200 |       ||   200
 Cast: Infusion          |     4 |     8 |    35 |    10 |       ||    57
       Shroud of Golubri |       |       |    24 |    21 |     3 ||    48
       Spectral Weapon   |       |       |    13 |    78 |    32 ||   123
       Song of Slaying   |       |       |       |    10 |     3 ||    13
       Summon Guardian G |       |       |       |    22 |    21 ||    43
       Summon Lightning  |       |       |       |     8 |    24 ||    32
       Regeneration      |       |       |       |     2 |     4 ||     6
Evoke: Wand              |       |     1 |     5 |       |       ||     6
       Phial of floods   |       |       |       |     1 |     1 ||     2
  Use: Scroll            |       |     1 |     5 |     3 |     5 ||    14
       Potion            |       |     6 |     7 |     1 |     5 ||    19
 Stab: Sleeping          |       |     1 |     5 |       |       ||     6
       Distracted        |       |       |     1 |    11 |     8 ||    20
       Invisible         |       |       |       |     3 |       ||     3
       Petrified         |       |       |       |     4 |       ||     4
  Eat: Chunk             |       |     6 |    16 |    54 |    27 ||   103
       Bread ration      |       |       |     2 |       |       ||     2
       Fruit             |       |       |       |     4 |     5 ||     9
Armor: Leather armour    |    17 |    27 |    95 |       |       ||   139
       Skin              |       |     6 |    55 |       |     3 ||    64
       Robe              |       |       |     8 |    30 |       ||    38
       Troll leather arm |       |       |       |    38 |    74 ||   112
Dodge: Dodged            |    57 |    90 |   277 |   261 |   236 ||   921
       Deflected         |       |       |       |     8 |     5 ||    13
Block: Other             |     4 |     9 |       |    51 |    62 ||   126
